 Dungeon Crawl Stone Soup version 0.20-a0-842-g939b552 (webtiles) character file.

152 M4edhros the Slasher (level 5, -1/41 HPs)
             Began as a Mummy Chaos Knight on Mar 9, 2017.
             Hit by a large rock thrown by a cyclops (15 damage)
             ... on level 1 of the Dungeon.
             The game lasted 00:03:16 (14247 turns).

M4edhros the Slasher (Mummy Chaos Knight)          Turns: 14247, Time: 00:03:17

Health: -1/41      AC:  6    Str: 15    XL:     5   Next: 11%
Magic:  5/5        EV: 11    Int: 12    God:    Xom [...*..]
Gold:   169        SH:  0    Dex: 12    Spells: 4/4 levels left

rFire    x . .     SeeInvis .   a - +0 falchion (chaos)
rCold    + . .     Gourm    .   b - +3 leather armour
rNeg     + + +     Faith    .   (no shield)
rPois    ∞         Spirit   .   (no helmet)
rElec    .         Reflect  .   (no cloak)
rCorr    +         Harm     .   (no gloves)
MR       .....                  (no boots)
Stlth    +.........             (no amulet)
Regen    0.2/turn               (no ring)
MPRegen  0.1/turn               c - ring of resist corrosion

@: no status effects
A: no food or potions, fire vulnerability, cold resistance 1, negative energy
resistance 3, torment resistance, unbreathing
a: Renounce Religion


You were on level 1 of the Dungeon.
You worshipped Xom.
You were a favourite toy of Xom.
You were not hungry.

You visited 1 branch of the dungeon, and saw 2 of its levels.

You collected 169 gold pieces.

Inventory:

Hand Weapons
 a - a +0 falchion of chaos (weapon)
 e - a +0 club
Missiles
 f - 24 stones (quivered)
Armour
 b - a +3 leather armour (worn)
Jewellery
 c - a ring of resist corrosion (left hand)
Wands
 h - a wand of iceblast (3/15)
Scrolls
 d - 3 scrolls of identify {unknown}
 g - 2 scrolls of remove curse {unknown}
 i - a scroll of enchant weapon {unknown}
Comestibles
 j - 2 royal jellies


   Skills:
 - Level 3.0 Fighting
 + Level 4.8 Long Blades
 - Level 1.5 Armour
 - Level 0.7 Dodging


You had 4 spell levels left.
You didn't know any spells.

Dungeon Overview and Level Annotations

Branches:
Dungeon (2/15)

Altars:
Ashenzari


Innate Abilities, Weirdness & Mutations

You do not eat or drink.
Your flesh is vulnerable to fire.
You are immune to poison.
Your flesh is cold resistant. (rC+)
You are immune to negative energy. (rN+++)
You are immune to unholy pain and torment.
You can survive without breathing.


Message History

a club x2
You hit the giant cockroach. You burn the giant cockroach.
You kill the giant cockroach!
No target in view!
No target in view!
There is an escape hatch in the floor here.
You start waiting.
Done waiting.
You start waiting.
A cyclops comes into view.
A cyclops is nearby!
A cyclops is nearby!
There's a creature in the doorway!
The cyclops throws a large rock.
The large rock hits you!!
Ouch! That really hurt!
There is an escape hatch in the floor here.
You see here a large rock.
The cyclops throws a large rock.
The large rock hits you!
You die...
Xom chortles!

.#### ##..#...###.## #.# #.. .#
#............# ##.###.. .#
##...###.###..#####..##... .#
#........###..#.......#>#. .#
##.........##.......##.#...
.######...................##÷....
........#####.#####....#.....#.#.
###.###.#...#)#...#....#.#...#...
#.# #.#...#.C)@.#.......#..#...
#.# #.#...#.#...#..#.......####
###.###.##'##.#####..###..#### #
........[.....).....####.## #
........#####.##'##.......#
###.###.#...#.#...#..###.##
#.....#.<.'.#...#..# ###
####..#...#.#...#..#
#..#####.#####..# ###


You could see a cyclops.

Vanquished Creatures
  A scorpion (D:1)
  Ijyb (D:2)
  3 adders (D:2)
  A worm (D:2)
  2 dart slugs (D:1)
  2 leopard geckos
  5 giant cockroaches
  A goblin (D:1)
  6 hobgoblins
  6 bats
  A frilled lizard (D:1)
  10 kobolds
  7 rats
46 creatures vanquished.

Notes
Turn   | Place    | Note
-------+----------+-------------------------------------------
     0 | D:1      | M4edhros the Mummy Chaos Knight began the quest for the Orb.
     0 | D:1      | Reached XP level 1. HP: 18/18 MP: 1/1
    29 | D:1      | XOM: divination: detect items
    67 | D:1      | XOM: 7-stop teleportation journey
   146 | D:1      | XOM: 2-stop teleportation journey
   252 | D:1      | Reached XP level 2. HP: 24/24 MP: 2/2
   459 | D:1      | XOM: divination: detect items
   470 | D:1      | Reached skill level 3 in Long Blades
   551 | D:1      | XOM: smoke on damage
   668 | D:1      | XOM: cloud trail
  1112 | D:1      | XOM: noise
  2025 | D:1      | XOM is BORED!
  2025 | D:1      | XOM: summons 2 hostile shadow creatures
  2753 | D:1      | XOM: scenery: 1 doors open
  3001 | D:1      | XOM is BORED!
  3001 | D:1      | XOM: severe Ice miscast
  4472 | D:1      | XOM: scenery: 1 doors open
  4489 | D:1      | Noticed a scorpion
  4494 | D:1      | Killed a scorpion
  4494 | D:1      | Reached skill level 4 in Long Blades
  4494 | D:1      | Reached XP level 3. HP: 26/29 MP: 3/3
  4494 | D:1      | Reached XP level 4. HP: 32/35 MP: 4/4
  4571 | D:1      | XOM: stat loss: -1 Int (10/11)
  5020 | D:1      | XOM: stat loss: -1 Str (14/15)
  5217 | D:1      | XOM: scenery: 1 doors open
  5237 | D:1      | XOM: divination: detect items
  5510 | D:1      | XOM: divination: detect creatures
  5867 | D:1      | XOM: scenery: 1 doors open
  5920 | D:1      | XOM: medium Ice miscast
  6089 | D:1      | XOM: divination: magic mapping
  6487 | D:1      | XOM: cloud trail
  7143 | D:1      | XOM: harmless Ice miscast
  7954 | D:1      | XOM: harmless Chrm miscast
  8418 | D:1      | XOM is BORED!
  8418 | D:1      | XOM: mild Chrm miscast
  8927 | D:1      | XOM: scenery: 1 doors open
  8933 | D:1      | XOM: god gift: scroll labeled XASUEJ LELIHEA {god gift}
  9880 | D:1      | XOM: divination: detect items
 10134 | D:1      | XOM: cloud trail
 10335 | D:1      | XOM: mild Tmut miscast
 11069 | D:1      | XOM: god gift: scroll labeled NIZ LE CUINES {god gift}
 11289 | D:1      | XOM is BORED!
 11289 | D:1      | XOM: summons 2 hostile demons
 12143 | D:1      | XOM: mild Necr miscast
 13061 | D:1      | Noticed a deep elf knight
 13144 | D:2      | Found a shattered altar of Ashenzari.
 13148 | D:2      | Saw a vision of the Shoals and the Spider Nest.
 13148 | D:2      | Noticed a wolf spider
 13148 | D:2      | Noticed a redback
 13148 | D:2      | Noticed a redback
 13148 | D:2      | Noticed a redback
 13148 | D:2      | Noticed a merfolk siren
 13148 | D:2      | Noticed a sea snake
 13148 | D:2      | Noticed a merfolk siren
 13148 | D:2      | Noticed a sea snake
 13148 | D:2      | Noticed a hippogriff
 13148 | D:2      | Noticed a sea snake
 13148 | D:2      | Noticed a merfolk
 13149 | D:2      | Noticed a merfolk
 13151 | D:2      | Noticed a wolf spider
 13159 | D:2      | XOM: god gift: royal jelly
 13273 | D:2      | Noticed Ijyb
 13276 | D:2      | Killed Ijyb
 13276 | D:2      | Reached XP level 5. HP: 39/41 MP: 5/5
 13646 | D:1      | XOM: divination: detect creatures
 13758 | D:1      | XOM: god gift: scroll labeled POIT MOMETIPE {god gift}
 14244 | D:1      | Noticed a cyclops
 14247 | D:1      | Hit by a large rock thrown by a cyclops

Vault maps used:
D:1:      minmay_arrival_four_houses, hangedman_abyss_or_decor_lesser_grid,
          roderic_chinese_pattern_swastika, minmay_misc_feat_square,
          minmay_close_crescents
D:2:      grunt_ashenzari_visionary, uniq_iyjb

Skill      XL: |  1  2 |
---------------+-------+-----
Long Blades    | 4 |  4.8
Fighting       | |  3.0
Armour         | |  1.5
Dodging        | |  0.7

Action                   |  1- 3 |  4- 6 || total
-------------------------+-------+-------++-------
Melee: Falchion          |    36 |    85 ||   121
  Use: Scroll            |       |     3 ||     3
 Stab: Sleeping          |     1 |       ||     1
Armor: Leather armour    |     9 |    49 ||    58
Dodge: Dodged            |    22 |    56 ||    78
       Rpst.: Falchion   |     9 |    23 ||    32
